AoeStats
← vmjboxing

Arena

506185795Analyzed
2v2 RM · 21d ago on Sep 12, 2026· 55m 9s· 4 players
Game mode
Random Map
Map size
Medium (4 player)
Population
200
Speed
Normal
Resources
Standard
Victory
Conquest
Starting age
Dark Age
Ending age
Imperial Age
RankedLock teamsTeams togetherTeam positionsShared explorationLock speedFull tech treeHidden civsTurbo modeCheats
Victory
Defeat
🇮🇳 Khmer · India
672
+17
🇦🇺 Bengalis · Australia
653
+18
🇪🇸 Goths · Spain
708
-18
🇪🇸 Bulgarians · Spain
685
-17
rickyhodson79
11:19 Feudal Age
12:35 Double-Bit Axe
12:38 Horse Collar
18:29 Castle Age
21:01 Gold Mining
21:26 Bow Saw
23:37 Loom
24:55 Wheelbarrow
24:43 Heavy Plow
26:40 Hand Cart
26:40 Town Watch
28:58 Gold Shaft Mining
29:01 Town Patrol
34:45 Imperial Age
32:56 Pikeman
34:05 Forging
34:03 Scale Barding Armor
33:50 Fletching
35:17 Husbandry
35:27 Bloodlines
34:49 Crossbowman
38:38 Conscription
38:30 Paiks
39:28 Siege Elephant
42:13 Bodkin Arrow
42:19 Padded Archer Armor
43:44 Elite Battle Elephant
44:05 Man-at-Arms
45:09 Bracer
47:57 Murder Holes
48:22 Siege Engineers
51:35 Block Printing
53:26 Iron Casting
53:12 Chain Barding Armor
53:38 Mahayana
53:57 Elite Skirmisher
spartanking
13:36 Feudal Age
16:28 Castle Age
14:33 Double-Bit Axe
14:38 Horse Collar
15:06 Gold Mining
15:18 Stone Mining
19:49 Heavy Plow
22:59 Bow Saw
28:29 Imperial Age
27:56 Town Watch
28:47 Wheelbarrow
30:45 Ballistics
30:36 Fortified Wall
31:27 Chemistry
32:26 Hand Cart
32:13 Town Patrol
33:12 Conscription
32:49 Arson
34:25 Gold Shaft Mining
34:29 Stone Shaft Mining
33:59 Double Crossbow
34:50 Pikeman
35:16 Elite Ballista Elephant
41:33 Murder Holes
41:53 Forging
41:43 Scale Mail Armor
41:44 Padded Archer Armor
41:35 Fletching
41:50 Scale Barding Armor
46:23 Heavy Scorpion
50:43 Chain Barding Armor
50:38 Chain Mail Armor
50:39 Leather Archer Armor
50:19 Bodkin Arrow
51:00 Iron Casting
50:27 Caravan
53:53 Bracer
54:54 Blast Furnace
54:30 Plate Barding Armor
54:28 Coinage
vmjboxing
13:22 Feudal Age
16:00 Double-Bit Axe
15:58 Horse Collar
20:29 Castle Age
20:03 Gold Mining
20:07 Stone Mining
22:58 Wheelbarrow
23:49 Forging
23:58 Bow Saw
24:33 Scale Barding Armor
25:06 Hand Cart
24:42 Loom
26:17 Bloodlines
26:04 Light Cavalry
26:56 Heavy Plow
26:47 Town Watch
28:46 Iron Casting
29:55 Masonry
29:43 Murder Holes
30:06 Husbandry
30:53 Gold Shaft Mining
32:03 Chain Barding Armor
31:48 Squires
31:43 Arson
36:04 Imperial Age
33:38 Town Patrol
34:39 Stone Shaft Mining
34:35 Stirrups
38:39 Blast Furnace
37:27 Elite Konnik
39:09 Architecture
38:15 Hussar
40:49 Plate Barding Armor
41:59 Scale Mail Armor
43:24 Elite Konnik
49:22 Crop Rotation
Yevon
11:56 Feudal Age
12:26 Double-Bit Axe
12:26 Horse Collar
19:20 Castle Age
20:26 Wheelbarrow
19:38 Loom
20:05 Scale Mail Armor
21:02 Bow Saw
21:17 Heavy Plow
22:18 Gold Mining
22:22 Stone Mining
24:00 Chain Mail Armor
23:11 Man-at-Arms
25:03 Squires
25:02 Long Swordsman
26:54 Pikeman
27:04 Elite Skirmisher
30:32 Masonry
30:43 Ballistics
30:19 Murder Holes
30:41 Forging
35:06 Anarchy
36:24 Stone Shaft Mining
36:44 Caravan
41:02 Imperial Age
41:08 Halberdier
42:33 Crop Rotation
43:12 Two-Man Saw
41:44 Two-Handed Swordsman
45:24 Architecture
47:15 Conscription
46:58 Champion
49:37 Hand Cart
50:35 Perfusion
Connection lost

Rejoining the realm…

Still unreachable

The connection could not be restored.

Session expired

The server has moved on; the page needs a fresh start.